LNBL
MEMPHIS BEARS @ SAVANNAH GOOBERS
06/21/1915
 
TOP OF THE 1ST
Memphis Bears batting - Pitching for Savannah Goobers : RHP Nolan Napier
Pitching: RHP Nolan Napier
Batting: RHB Frank Saunders 0-0: Ball
1-0: Called Strike
1-1: Swinging Strike
1-2: Ball
2-2: Ground out 5-3 (Groundball, 5S, EV 84.4 MPH)
Batting: LHB James Watkins 0-0: Swinging Strike
0-1: Ball
1-1: Ball
2-1: SINGLE (Groundball, 6MD, EV 96.9 MPH)
Batting: RHB John Johnson 0-0: Ball
1-0: Fly out, F4 (Popup, 4M, EV 77.5 MPH)
Batting: LHB Spencer Burke 0-0: Ball
James Watkins steals 2nd base
1-0: SINGLE (Groundball, 6MD, EV 94.4 MPH)
James Watkins to third
Runner from 3rd tries for Home, SAFE, throw by CF to home
Batting: RHB James Bell 0-0: Ball
1-0: Ball
2-0: Called Strike
2-1: Swinging Strike
2-2: Strikes out looking
Top of the 1st over - 1 run, 2 hits, 0 errors, 1 left on base; Memphis 1 - Savannah 0
BOTTOM OF THE 1ST
Savannah Goobers batting - Pitching for Memphis Bears : RHP Henry Lynn
Pitching: RHP Henry Lynn
Batting: LHB Quincy Anderson 0-0: Called Strike
0-1: Ball
1-1: Foul Ball, location: 2F
1-2: Ball
2-2: Fly out, F7 (Flyball, 7, EV 86.3 MPH)
Batting: RHB George Gill 0-0: Swinging Strike
0-1: Called Strike
0-2: Ball
1-2: SINGLE (Groundball, 6MD, EV 93.8 MPH)
Batting: RHB Max Smith 0-0: Called Strike
George Gill steals 2nd base
0-1: Ball
1-1: SINGLE (Line Drive, 9S, EV 105.0 MPH)
George Gill to third
Batting: RHB Dave Frederick 0-0: Fly out, F4 (Line Drive, 4M, EV 67.5 MPH)
Batting: RHB Robert Jones 0-0: Called Strike
0-1: Called Strike
0-2: Ball
1-2: Ball
2-2: Ball
3-2: Ground out 4-3 (Groundball, 4, EV 85.0 MPH)
Bottom of the 1st over - 0 runs, 2 hits, 0 errors, 2 left on base; Memphis 1 - Savannah 0
TOP OF THE 2ND
Memphis Bears batting - Pitching for Savannah Goobers : RHP Nolan Napier
Batting: LHB Alphonse Johnson 0-0: Called Strike
0-1: Fly out, F9 (Flyball, 89M, EV 91.3 MPH)
Batting: LHB Al Ewing 0-0: Swinging Strike
0-1: Ball
1-1: Ground out 6-3 (Groundball, 56, EV 85.0 MPH)
Batting: RHB George Fleet 0-0: Ball
1-0: Ball
2-0: Foul Ball, location: 7LSF
2-1: Ground out 6-3 (Groundball, 6, EV 84.4 MPH)
Top of the 2nd over - 0 runs, 0 hits, 0 errors, 0 left on base; Memphis 1 - Savannah 0
BOTTOM OF THE 2ND
Savannah Goobers batting - Pitching for Memphis Bears : RHP Henry Lynn
Batting: RHB Red Gillespie 0-0: Swinging Strike
0-1: Ball
1-1: Foul Ball, location: 3FF
1-2: Ball
2-2: Ball
3-2: Ground out 6-3 (Groundball, 6, EV 83.1 MPH)
Batting: LHB Vicial Brown 0-0: Ball
1-0: Foul Ball, location: 2F
1-1: Ground out 6-3 (Groundball, 6, EV 95.6 MPH)
Batting: RHB Newt Fleet 0-0: Called Strike
0-1: Fly out, F5 (Popup, 56, EV 66.9 MPH)
Bottom of the 2nd over - 0 runs, 0 hits, 0 errors, 0 left on base; Memphis 1 - Savannah 0
TOP OF THE 3RD
Memphis Bears batting - Pitching for Savannah Goobers : RHP Nolan Napier
Batting: RHB Henry Lynn 0-0: Foul Ball, location: 3F
0-1: Ground out 6-3 (Groundball, 6, EV 101.9 MPH)
Batting: RHB Frank Saunders 0-0: Ball
1-0: Called Strike
1-1: Fly out, F8 (Flyball, 89S, EV 89.4 MPH)
Batting: LHB James Watkins 0-0: Ball
1-0: Called Strike
1-1: Ground out 5-3 (Groundball, 56, EV 108.8 MPH)
Top of the 3rd over - 0 runs, 0 hits, 0 errors, 0 left on base; Memphis 1 - Savannah 0
BOTTOM OF THE 3RD
Savannah Goobers batting - Pitching for Memphis Bears : RHP Henry Lynn
Batting: RHB Nolan Napier 0-0: Ball
1-0: Ball
2-0: Ground out 1-3 (Groundball, 23, EV 66.9 MPH)
Batting: LHB Quincy Anderson 0-0: Ball
1-0: Foul Ball, location: 2F
1-1: Ground out 6-3 (Groundball, 6, EV 84.4 MPH)
Batting: RHB George Gill 0-0: Reached on error, E6 (Groundball, 6, EV 78.8 MPH)
Batting: RHB Max Smith 0-0: Ground out 5-3 (Groundball, 56, EV 86.3 MPH)
Bottom of the 3rd over - 0 runs, 0 hits, 1 error, 1 left on base; Memphis 1 - Savannah 0
TOP OF THE 4TH
Memphis Bears batting - Pitching for Savannah Goobers : RHP Nolan Napier
Batting: RHB John Johnson 0-0: Fly out, F9 (Flyball, 9S, EV 85.0 MPH)
Batting: LHB Spencer Burke 0-0: Ball
1-0: Ball
2-0: Foul Ball, location: 2F
2-1: Called Strike
2-2: Strikes out looking
Batting: RHB James Bell 0-0: Ball
1-0: Foul Ball, location: 25F
1-1: Ball
2-1: Ball
3-1: Ground out 6-3 (Groundball, 56, EV 96.3 MPH)
Top of the 4th over - 0 runs, 0 hits, 0 errors, 0 left on base; Memphis 1 - Savannah 0
BOTTOM OF THE 4TH
Savannah Goobers batting - Pitching for Memphis Bears : RHP Henry Lynn
Batting: RHB Dave Frederick 0-0: Ball
1-0: SINGLE (Line Drive, 89M, EV 102.5 MPH)
Batting: RHB Robert Jones 0-0: SINGLE (Line Drive, 7S, EV 92.5 MPH)
Dave Frederick to second
Batting: RHB Red Gillespie 0-0: Sac Bunt to 25 - play at first, batter OUT! 5-3
Dave Frederick to third
Robert Jones to second
Batting: LHB Vicial Brown 0-0: Called Strike
0-1: Ground out 6-3 (Groundball, 6, EV 76.3 MPH)
Dave Frederick scores
Batting: RHB Newt Fleet 0-0: Ground out 3-1 (Groundball, 34, EV 103.8 MPH)
Bottom of the 4th over - 1 run, 2 hits, 0 errors, 1 left on base; Memphis 1 - Savannah 1
TOP OF THE 5TH
Memphis Bears batting - Pitching for Savannah Goobers : RHP Nolan Napier
Batting: LHB Alphonse Johnson 0-0: Ball
1-0: Foul Ball, location: 5SF
1-1: Ball
2-1: Called Strike
2-2: Ground out 4-3 (Groundball, 4, EV 85.6 MPH)
Batting: LHB Al Ewing 0-0: Called Strike
0-1: Called Strike
0-2: Ball
1-2: Ball
2-2: Ground out 5-3 (Groundball, 5, EV 102.5 MPH)
Batting: RHB George Fleet 0-0: Ball
1-0: Called Strike
1-1: Ground out 6-3 (Groundball, 6, EV 80.6 MPH)
Top of the 5th over - 0 runs, 0 hits, 0 errors, 0 left on base; Memphis 1 - Savannah 1
BOTTOM OF THE 5TH
Savannah Goobers batting - Pitching for Memphis Bears : RHP Henry Lynn
Batting: RHB Nolan Napier 0-0: Foul Ball, location: 2F
0-1: Fly out, F9 (Line Drive, 9S, EV 90.6 MPH)
Batting: LHB Quincy Anderson 0-0: Ball
1-0: Swinging Strike
1-1: Ball
2-1: Swinging Strike
2-2: Ball
3-2: Base on Balls
Batting: RHB George Gill 0-0: Called Strike
0-1: Swinging Strike
0-2: Ball
Quincy Anderson is caught stealing 2nd base 2-4
1-2: Ball
2-2: Ball
3-2: Fly out, F8 (Flyball, 78D, EV 92.5 MPH)
Bottom of the 5th over - 0 runs, 0 hits, 0 errors, 0 left on base; Memphis 1 - Savannah 1
TOP OF THE 6TH
Memphis Bears batting - Pitching for Savannah Goobers : RHP Nolan Napier
Batting: RHB Henry Lynn 0-0: Fly out, F8 (Line Drive, 8RM, EV 107.5 MPH)
Batting: RHB Frank Saunders 0-0: Ball
1-0: Ball
2-0: Fly out, F7 (Flyball, 78M, EV 99.4 MPH)
Batting: LHB James Watkins 0-0: Ball
1-0: Ball
2-0: SINGLE (Line Drive, 9S, EV 110.0 MPH)
Batting: RHB John Johnson 0-0: Ball
James Watkins is caught stealing 2nd base 2-4
Top of the 6th over - 0 runs, 1 hit, 0 errors, 0 left on base; Memphis 1 - Savannah 1
BOTTOM OF THE 6TH
Savannah Goobers batting - Pitching for Memphis Bears : RHP Henry Lynn
Batting: RHB Max Smith 0-0: Fly out, F4 (Line Drive, 4D, EV 71.9 MPH)
Batting: RHB Dave Frederick 0-0: Called Strike
0-1: Called Strike
0-2: Foul Ball, location: 2F
0-2: Ball
1-2: SINGLE (Groundball, 13, EV 71.3 MPH) (infield hit)
Batting: RHB Robert Jones 0-0: Swinging Strike
Dave Frederick steals 2nd, throwing error, E2
Dave Frederick to third
0-1: Ball
1-1: Foul Ball, location: 5DF
1-2: SINGLE (Groundball, 4M, EV 105.0 MPH)
Dave Frederick scores
Batting: RHB Red Gillespie 0-0: Foul Ball, location: 2F
0-1: Ball
Wild Pitch!
Robert Jones to second
1-1: Foul Ball, location: 5F
1-2: Hit by Pitch
Batting: LHB Vicial Brown 0-0: Ball
1-0: Grounds into double play, 4-6-3 (Groundball, 4, EV 82.5 MPH)
Bottom of the 6th over - 1 run, 2 hits, 1 error, 1 left on base; Memphis 1 - Savannah 2
TOP OF THE 7TH
Memphis Bears batting - Pitching for Savannah Goobers : RHP Nolan Napier
Batting: RHB John Johnson 0-0: Ball
1-0: Ball
2-0: Ground out 1-3 (Groundball, P, EV 67.5 MPH)
Batting: LHB Spencer Burke 0-0: Called Strike
0-1: Ball
1-1: Foul Ball, location: 2F
1-2: Ball
2-2: Ball
3-2: Foul Ball, location: 2F
3-2: Fly out, F8 (Flyball, 8LM, EV 98.1 MPH)
Pinch Hitting: LHB Dan Marvin 0-0: Ball
1-0: Swinging Strike
1-1: Swinging Strike
1-2: Foul Ball, location: 2F
1-2: Ball
2-2: Fly out, F6 (Line Drive, 6, EV 70.6 MPH)
Top of the 7th over - 0 runs, 0 hits, 0 errors, 0 left on base; Memphis 1 - Savannah 2
BOTTOM OF THE 7TH
Savannah Goobers batting - Pitching for Memphis Bears : RHP Henry Lynn
Now in CF: Alphonse Johnson
Now in RF: Dan Marvin
Batting: RHB Newt Fleet 0-0: Ball
1-0: Ball
2-0: Ball
3-0: Base on Balls
Batting: RHB Nolan Napier 0-0: Ball
1-0: Ball
2-0: Bunt - Flyout to 2L! F2
Batting: LHB Quincy Anderson 0-0: Ball
Newt Fleet steals 2nd, throwing error, E2
Newt Fleet to third
1-0: SINGLE (Line Drive, 8LS, EV 98.1 MPH)
Newt Fleet scores
Batting: RHB George Gill 0-0: Ball
1-0: Ball
Quincy Anderson steals 2nd base
2-0: Called Strike
2-1: TRIPLE (Line Drive, 89XD, EV 111.3 MPH)
Quincy Anderson scores
Batting: RHB Max Smith 0-0: Ball
1-0: Ground out U3 (Groundball, 34S, EV 81.9 MPH)
George Gill scores
Batting: RHB Dave Frederick 0-0: Ground out 5-3 (Groundball, 5S, EV 86.9 MPH)
Bottom of the 7th over - 3 runs, 2 hits, 1 error, 0 left on base; Memphis 1 - Savannah 5
TOP OF THE 8TH
Memphis Bears batting - Pitching for Savannah Goobers : RHP Nolan Napier
Now at 1B: Albert Miles
Batting: LHB Alphonse Johnson 0-0: Ball
1-0: Foul Ball, location: 2F
1-1: Fly out, F8 (Flyball, 8LXD, EV 99.4 MPH)
Pitching: RHP John Kincannon
Batting: LHB Al Ewing 0-0: Ball
1-0: Called Strike
1-1: Called Strike
1-2: Foul Ball, location: 7LSF
1-2: Fly out, F8 (Line Drive, 8RS, EV 106.9 MPH)
Batting: RHB George Fleet 0-0: Fly out, F6 (Line Drive, 6, EV 65.0 MPH)
Top of the 8th over - 0 runs, 0 hits, 0 errors, 0 left on base; Memphis 1 - Savannah 5
BOTTOM OF THE 8TH
Savannah Goobers batting - Pitching for Memphis Bears : RHP Henry Lynn
Batting: RHB Robert Jones 0-0: Ball
1-0: Foul Ball, location: 2F
1-1: Ball
2-1: Called Strike
2-2: DOUBLE (Line Drive, 89D, EV 110.0 MPH)
Batting: RHB Red Gillespie 0-0: Called Strike
0-1: Called Strike
0-2: TRIPLE (Flyball, 9LD, EV 92.5 MPH)
Robert Jones scores
Pitching: RHP Berdell Hanks
Batting: LHB Vicial Brown 0-0: TRIPLE (Line Drive, 78XD, EV 109.4 MPH)
Red Gillespie scores
Batting: RHB Newt Fleet 0-0: Ball
1-0: Ball
2-0: Called Strike
2-1: Ball
3-1: Foul Ball, location: 9LMF
3-2: Foul Ball, location: 2F
3-2: Foul Ball, location: 2F
3-2: Foul Ball, location: 2LF
3-2: Fly out, F8 (Flyball, 8LM, EV 86.3 MPH)
Runner from 3rd tags up, SCORES, no throw by CF
Batting: SHB John Kincannon 0-0: Called Strike
0-1: Ball
1-1: Ball
2-1: Ground out U3 (Groundball, 34, EV 91.3 MPH)
Batting: LHB Quincy Anderson 0-0: SINGLE (Line Drive, 7LM, EV 104.4 MPH)
Batting: RHB Albert Miles 0-0: Ball
1-0: Ball
2-0: Ball
3-0: Called Strike
3-1: Fielders Choice at 2nd, 6-4 (Groundball, 6, EV 104.4 MPH)
Bottom of the 8th over - 3 runs, 4 hits, 0 errors, 1 left on base; Memphis 1 - Savannah 8
TOP OF THE 9TH
Memphis Bears batting - Pitching for Savannah Goobers : RHP John Kincannon
Pinch Hitting: RHB Norman Hill 0-0: Ball
1-0: Ball
2-0: Ball
3-0: Base on Balls
Batting: RHB Frank Saunders 0-0: Fly out, F8 (Flyball, 8RS, EV 88.8 MPH)
Batting: LHB James Watkins 0-0: SINGLE (Line Drive, 7S, EV 97.5 MPH)
Norman Hill to second
Pinch Hitting: LHB John Cobb 0-0: Fly out, F6 (Popup, P, EV 92.5 MPH)
Batting: LHB Spencer Burke 0-0: Ball
1-0: Ground out 5-3 (Groundball, 56S, EV 89.4 MPH)
Top of the 9th over - 0 runs, 1 hit, 0 errors, 2 left on base; Memphis 1 - Savannah 8
Tuesday, November 19th , 2024 - OOTP Baseball 25.10 Build 95